 Dungeon Crawl Stone Soup version 0.17-a0-1642-gd4b747b (webtiles) character file.

1176 maniek23 the Covered (level 8, -5/71 HPs)
             Began as a Minotaur Fighter on Aug 8, 2015.
             Slain by an ice beast (9 damage)
             ... on level 5 of the Dungeon.
             The game lasted 00:09:16 (3446 turns).

maniek23 the Covered (Minotaur Fighter)             Turns: 3446, Time: 00:09:16

Health: -5/71      AC: 12    Str: 22    XL:     8   Next: 18%
Magic:  7/7        EV:  9    Int:  3    God:
Gold:   265        SH: 10    Dex:  9    Spells: 0 memorised, 7 levels left

rFire  + . .     SeeInvis .     a - +0 long sword
rCold  x . .     Clarity  .     b - +0 scale mail
rNeg   + . .     SustAt   .     c - +0 shield
rPois  .         Gourm    .     t - +2 hat
rElec  .         Spirit   .     (no cloak)
rCorr  .         Warding  .     (no gloves)
rMut   .         Stasis   +     o - +1 pair of boots
MR     .....                    q - amulet of stasis
Stlth  ..........               f - ring of fire
                                B - ring of positive energy

@: not resistant to hostile enchantments, extremely unstealthy
A: retaliatory headbutt, horns 2, clumsy 1, dopey 1, low mp 1, screaming 1
a: no special abilities


You were on level 5 of the Dungeon.
You were hungry.

You visited 1 branch of the dungeon, and saw 6 of its levels.

You collected 265 gold pieces.

Inventory:

Hand weapons
 a - a +0 long sword (weapon)
Armour
 b - a +0 scale mail (worn)
 c - a +0 shield (worn)
 o - a +1 pair of boots (worn)
 t - a +2 hat (worn)
Jewellery
 f - a ring of fire (right hand)
 g - an uncursed ring of flight
 q - an amulet of stasis (around neck)
 B - a ring of positive energy (left hand)
Magical devices
 y - a wand of confusion (12)
Scrolls
 h - 2 scrolls of enchant armour {unknown}
 r - 2 scrolls of teleportation {unknown}
 s - a scroll of remove curse {unknown}
 u - a scroll of fog {unknown}
 x - a scroll of identify
 A - a scroll of fear {unknown}
Potions
 d - 2 potions of might
 j - a potion of lignification {unknown}
 k - 5 potions of heal wounds
 m - a potion of flight {unknown}
 p - a potion of degeneration {unknown}
 v - a potion of mutation {unknown}
 w - 3 potions of curing
 z - 2 potions of cancellation
Comestibles
 e - 2 bread rations
 i - 2 fruits
 l - 2 meat rations
 C - 4 mutagenic chunks of flesh


   Skills:
 + Level 6.6 Fighting
 + Level 5.6 Long Blades
 + Level 6.7 Armour
 - Level 2.0 Dodging
 + Level 6.6 Shields
 + Level 2.0 Evocations


You had 7 spell levels left.
You didn't know any spells.

Dungeon Overview and Level Annotations

Branches:
Dungeon (6/15)
 Temple: D:4-7

Altars:
Fedhas
Makhleb
Zin

Annotations:
D:4 1 runed door
D:6 cireshan's ghost, experienced DECj


Innate Abilities, Weirdness & Mutations

You reflexively headbutt those who attack you in melee.
You have a pair of horns on your head.
You are clumsy. (Dex -2)
You are dopey. (Int -2)
Your magical capacity is low (-10% MP).
You occasionally shout uncontrollably at your foes.


Message History

Deactivating autopickup; reactivate with Ctrl-A.
A puff of flame appears from out of thin air!
The puff of flame misses you.
There is a stone staircase leading up here.
The ice beast hits you. The ice beast freezes you!
You feel a terrible chill!
You climb upwards.
There is a stone staircase leading down here.
You hit the ice beast but do no damage. The ice beast barely misses you.
You closely miss the ice beast. The ice beast hits you.
The ice beast freezes you!!
You feel a terrible chill!
* * * LOW HITPOINT WARNING * * *
Evoke which item? (* to show all) (? for menu, Esc to quit)
Zapping:
y - a wand of confusion (13)
Press: ? - help, Shift-Dir - straight line, f - ice beast
Aim: an ice beast (chance to defeat MR: 50%)
The ice beast resists with some effort.
This wand has 12 charges left.
The ice beast hits you.
* * * LOW HITPOINT WARNING * * *
The ice beast freezes you!
You feel a terrible chill!
You die...

########### #.........#
..........## #.........#
....(.###..# #.........#
......# ##.####........>#
......# #..............##
......# #..###..........#
......# #..###..........#
......####..#..........#.#
................@#######.###
..#########.#...Y.# #...#
..# #.#.....# ###.# ..#
#.......########.# ###
#.............##.#
#.............##.#
###########.............##.#
.....#..................##.#
.....#.....##...........##.#


You could see an ice beast.

Vanquished Creatures
  Pikel (D:4)
  Grinder (D:5)
  2 sky beasts (D:6)
  A water moccasin zombie (D:5)
  The ghost of Charly the Covered, a weakling HuWn (D:5)
  A giant frog zombie (D:6)
  An orc wizard (D:6)
  A worker ant (D:6)
  Natasha (thrice) (D:2 D:4)
  4 adders
  An ooze (D:1)
  3 worms
  10 orcs
  10 bats
  11 hobgoblins
  2 jackals (D:3)
  13 kobolds
  A ball python (D:4)
  3 giant cockroaches
  4 giant geckos
  A giant gecko zombie (D:5)
  6 goblins
  2 quokka skeletons
  4 rats
87 creatures vanquished.

Notes
Turn   | Place    | Note
--------------------------------------------------------------
     0 | D:1      | maniek23 the Minotaur Fighter began the quest for the Orb.
     0 | D:1      | Reached XP level 1. HP: 19/19 MP: 0/0
    85 | D:1      | Reached XP level 2. HP: 12/27 MP: 1/1
   123 | D:1      | Reached skill level 4 in Armour
   514 | D:1      | Reached XP level 3. HP: 33/33 MP: 2/2
   855 | D:2      | Noticed Natasha
   861 | D:2      | Killed Natasha
   861 | D:2      | Reached skill level 1 in Dodging
  1020 | D:2      | Reached XP level 4. HP: 40/40 MP: 3/3
  1734 | D:3      | Found a burning altar of Makhleb.
  2038 | D:4      | Noticed a slave
  2039 | D:4      | Noticed a slave
  2045 | D:4      | Noticed Pikel
  2066 | D:4      | Noticed a slave
  2066 | D:4      | Noticed a slave
  2080 | D:4      | Killed Pikel
  2080 | D:4      | Reached skill level 5 in Fighting
  2080 | D:4      | Reached skill level 5 in Armour
  2080 | D:4      | Reached skill level 5 in Shields
  2080 | D:4      | Reached XP level 5. HP: 29/49 MP: 4/4
  2080 | D:4      | Reached XP level 6. HP: 33/56 MP: 5/5
  2080 | D:4      | Reached XP level 7. HP: 35/61 MP: 6/6
  2092 | D:4      | Noticed Natasha
  2102 | D:4      | Killed Natasha
  2107 | D:4      | Noticed Natasha
  2110 | D:4      | Killed Natasha
  2334 | D:4      | Found a glowing silver altar of Zin.
  2335 | D:4      | Found a runed door.
  2335 | D:4      | Noticed an angel
  2468 | D:5      | Entered Level 5 of the Dungeon
  2468 | D:5      | Noticed Charly's ghost (weakling HuWn)
  2479 | D:5      | Killed Charly's ghost
  2481 | D:5      | Found a blossoming altar of Fedhas.
  2739 | D:5      | Noticed Grinder
  2756 | D:5      | Killed Grinder
  2756 | D:5      | Reached skill level 6 in Fighting
  2756 | D:5      | Reached skill level 5 in Long Blades
  2756 | D:5      | Reached skill level 1 in Evocations
  3070 | D:6      | Reached XP level 8. HP: 37/71 MP: 8/8
  3074 | D:6      | Gained mutation: You are clumsy. (Dex -2) [mutagenic meat]
  3075 | D:6      | Gained mutation: You are dopey. (Int -2) [mutagenic meat]
  3076 | D:6      | Gained mutation: You occasionally shout uncontrollably at your foes. [mutagenic meat]
  3077 | D:6      | Gained mutation: Your magical capacity is low (-10% MP). [mutagenic meat]
  3388 | D:6      | Noticed cireshan's ghost (experienced DECj)
  3446 | D:5      | Slain by an ice beast

Vault maps used:
D:1:      tarquinn_simple_flora_water_f, minmay_misc_feat_pillars
D:2:      uniq_natasha
D:3:      lemuel_upstairs_altar, lightli_temple_of_fire, grunt_ministairs_2
D:4:      lemuel_angel_altar, uniq_pikel
D:5:      first_bread, fedhas_altar_2, uniq_grinder
D:6:      serial_shops, shop, minivault_1

Action                   |  1- 3 |  4- 6 |  7- 9 || total
-------------------------+-------+-------+-------++-------
Melee: Long sword        |    83 |    97 |   108 ||   288
Evoke: Wand              |       |       |     1 ||     1
  Use: Scroll            |       |       |     4 ||     4
  Eat: Chunk             |       |     2 |    10 ||    12
       Fruit             |       |       |     1 ||     1
